 Dungeon Crawl Stone Soup version 0.21.1-1-g345015f (webtiles) character file.

981 Kagorn the Ruffian (level 7, -5/71 HPs)
             Began as a Troll Monk on June 12, 2018.
             Was a Priest of Wu Jian.
             Slain by a two-headed ogre
             ... wielding a +0 giant club
              (22 damage)
             ... on level 8 of the Dungeon.
             The game lasted 00:35:01 (3630 turns).

Kagorn the Ruffian (Troll Monk)                     Turns: 3630, Time: 00:35:04

Health: -5/71      AC:  5    Str: 22    XL:     7   Next: 96%
Magic:  6/6        EV:  8    Int:  6    God:    Wu Jian [***...]
Gold:   310        SH:  8    Dex: 12    Spells: 4/6 levels left

rFire    + . .     SeeInvis .     - Unarmed
rCold    x . .     Gourm    +   p - +1 shield
rNeg     . . .     Faith    .   a - +0 robe
rPois    .         Spirit   .   (helmet restricted)
rElec    .         Reflect  .   (no cloak)
rCorr    .         Harm     .   (gloves unavailable)
MR       .....                  (boots unavailable)
Stlth    ++........             (no amulet)
HPRegen  0.61/turn              g - +4 ring of slaying
MPRegen  0.10/turn              n - ring of fire

@: no status effects
A: large, unfitting armour, claws 3, fast metabolism 3, gourmand, regeneration
1, shaggy fur 1, tough skin 2
a: Wall Jump, Serpent's Lash, Renounce Religion


You were on level 8 of the Dungeon.
You worshipped Wu Jian.
Wu Jian was most pleased with you.
You were very full.

You visited 1 branch of the dungeon, and saw 6 of its levels.

You collected 310 gold pieces.

Inventory:

Missiles
 r - 4 tomahawks (quivered)
Armour
 a - a +0 robe (worn)
 p - a +1 shield (worn)
Jewellery
 g - a +4 ring of slaying (left claw)
 n - a ring of fire (right claw)
Wands
 j - a wand of random effects (66)
Scrolls
 e - a scroll of enchant armour
 i - a scroll of identify
Potions
 c - 2 potions of curing
 d - 3 potions of lignification {unknown}
 h - 2 potions of agility {unknown}
 k - a potion of heal wounds {unknown}
 m - a potion of resistance {unknown}
 o - 2 potions of haste {unknown}
 q - a potion of degeneration {unknown}
 u - a potion of might {unknown}
Books
 t - a book of Minor Magic

   Spells                             Type                      Level
   a - Magic Dart                     Conjuration                  1
   b - Blink                          Translocation                2
   c - Call Imp                       Summoning                    2
   d - Slow                           Hexes                        2
   e - Conjure Flame                  Conjuration/Fire             3
   f - Mephitic Cloud                 Conjuration/Poison/Air       3
Comestibles
 b - 7 rations


   Skills:
 * Level 4.7 Fighting
 + Level 2.5 Armour
 + Level 3.8 Dodging
 + Level 2.2 Stealth
 + Level 0.4 Shields
 * Level 5.7 Unarmed Combat


You had 4 spell levels left.
You knew the following spells:

 Your Spells              Type           Power        Failure   Level  Hunger
a - Blink                 Tloc           N/A          99%         2    ###....


Dungeon Overview and Level Annotations

Branches:
Dungeon (5/15)             Temple (0/1) D:5

Altars:
Gozag
Nemelex Xobeh
Okawaru
Wu Jian


Innate Abilities, Weirdness & Mutations

You are too large for most types of armour.
You have claws for hands.
Your metabolism is lightning-fast.
You like to eat raw meat.
Your natural rate of healing is unusually fast.
You are covered in fur. (AC +1)
You have very tough skin. (AC +2)


Message History

You see here an arrow.
You attack the two-headed ogre from above.
You closely miss the two-headed ogre.
You repeatedly attack the centaur from above.
You scratch the centaur.
The centaur is lightly wounded.
You completely miss the centaur.
The centaur is lightly wounded.
You repeatedly attack the kobold from above.
You claw the kobold!
You kill the kobold!
The Council accepts your kill.
The centaur unwields an uncursed shortbow.
The centaur hits you!
* * * LOW HITPOINT WARNING * * *
The centaur hits you.
* * * LOW HITPOINT WARNING * * *
You block the two-headed ogre's attack.
The two-headed ogre hits you with a giant club!!
You die...

.# #.......
..#...!..... #
......#.#. #.
..#...... ..
#.#....#
#.####.#..$.#.KO
...#.#.$....K#
#######.#...#.....
#(O@K(KK...........
#.§c###.##....####.
###..##.##...##
##.##.>.?..#
.....##....
##........##
#....##... #...$.
.##.


You could see a two-headed ogre, a centaur and 3 kobolds.

Vanquished Creatures
  Menkaure (D:4)
  A phantom (D:4)
  2 centaurs (D:5)
  A scorpion (D:4)
  A howler monkey (D:4)
  2 crimson imps
  A hound (D:3)
  An orc wizard (D:4)
  3 orc priests
  Jessica (D:2)
  An iguana (D:5)
  3 worker ants
  A hound zombie (D:5)
  Robin (D:2)
  6 adders
  A shadow imp (D:8)
  2 worms (D:2)
  2 dart slugs
  7 leopard geckos
  8 orcs
  2 ball pythons
  4 giant cockroaches
  17 goblins
  7 hobgoblins
  3 jackals (D:1)
  A quokka (D:4)
  8 bats
  2 frilled lizards
  7 kobolds
  A leopard gecko skeleton (D:5)
  5 rats
103 creatures vanquished.

Notes
Turn   | Place    | Note
-------+----------+-------------------------------------------
     0 | D:1      | Kagorn the Troll Monk began the quest for the Orb.
     0 | D:1      | Reached XP level 1. HP: 22/22 MP: 0/0
    79 | D:1      | Reached XP level 2. HP: 26/29 MP: 1/1
   360 | D:1      | Reached XP level 3. HP: 31/36 MP: 2/2
   560 | D:2      | Noticed Robin
   578 | D:2      | Killed Robin
   780 | D:2      | Noticed Jessica
   783 | D:2      | Killed Jessica
   783 | D:2      | Reached XP level 4. HP: 40/45 MP: 3/3
  1327 | D:3      | Reached skill level 1 in Armour
  1435 | D:3      | Reached skill level 4 in Unarmed Combat
  1435 | D:3      | Reached XP level 5. HP: 49/53 MP: 4/4
  1469 | D:3      | Found an ornate altar of the Wu Jian Council.
  1504 | D:3      | Became a worshipper of the Wu Jian Council
  1504 | D:3      | Reached * piety under Wu Jian
  1504 | D:3      | Reached ** piety under Wu Jian
  1550 | D:3      | Found an iron altar of Okawaru.
  1808 | D:3      | Reached XP level 6. HP: 17/61 MP: 5/5
  2176 | D:4      | Noticed Menkaure
  2564 | D:4      | Killed Menkaure
  2564 | D:4      | Reached skill level 5 in Unarmed Combat
  2564 | D:4      | Reached XP level 7. HP: 65/70 MP: 6/6
  3122 | D:4      | Found a sparkling altar of Nemelex Xobeh.
  3122 | D:4      | Found a transporter.
  3123 | D:4      | Noticed a wyvern
  3216 | D:5      | Entered Level 5 of the Dungeon
  3374 | D:5      | Learned a level 2 spell: Blink
  3397 | D:5      | Reached *** piety under Wu Jian
  3559 | D:5      | Found a staircase to the Ecumenical Temple.
  3607 | D:5      | Found an opulent altar of Gozag.
  3608 | D:5      | You fall through a shaft for 3 floors!
  3610 | D:8      | Noticed a two-headed ogre
  3630 | D:8      | Slain by a two-headed ogre

Skill      XL: |  1  2  3  4  5  6  7 |
---------------+----------------------+-----
Fighting       | 3 4 |  4.7
Armour         | 1 2 |  2.5
Unarmed Combat | 4 5 |  5.7
Dodging        | 3 |  3.8
Stealth        | 2 |  2.2
Shields        | |  0.4

Action                   |  1- 3 |  4- 6 |  7- 9 || total
-------------------------+-------+-------+-------++-------
Melee: Unarmed           |    84 |   150 |    84 ||   318
       Punch             |     2 |       |       ||     2
Invok: Wall Jump         |       |    28 |     1 ||    29
       Whirlwind         |       |     5 |    17 ||    22
       Lunge             |       |    12 |    13 ||    25
  Use: Scroll            |       |     8 |     5 ||    13
       Potion            |       |       |     1 ||     1
 Stab: Sleeping          |     2 |     5 |     1 ||     8
  Eat: Chunk             |     9 |    12 |     7 ||    28
       Ration            |     1 |       |     2 ||     3
Armor: Robe              |    42 |    36 |    21 ||    99
Dodge: Dodged            |    37 |    51 |    14 ||   102
Block: Shield            |       |    49 |    25 ||    74
